 Dungeon Crawl Stone Soup version 0.29.0-4-gdea44cf6ec (webtiles) character file.

Game seed: 824183229348750355

18 qw the Chopper (level 2, -2/24 HPs)
             Began as a Barachi Chaos Knight on Sept 4, 2022.
             Slain by an iron imp (3 damage)
             ... summoned by Xom
             ... on level 2 of the Dungeon.
             The game lasted 00:00:18 (747 turns).

qw the Chopper (Barachi Chaos Knight)                Turns: 747, Time: 00:00:18

Health: -2/24      AC:  7    Str: 13      XL:     2   Next: 66%
Magic:  2/2        EV:  9    Int: 12      God:
Gold:   60         SH:  0    Dex: 10 (11) Spells: 1/1 levels left

rFire   . . .      SeeInvis .   Y - +0 hand axe (chaos)
rCold   . . .      Faith    .   (no shield)
rNeg    . . .      Spirit   .   f - +0 scale mail
rPois   .          Reflect  .   (no helmet)
rElec   .          Harm     .   (no cloak)
rCorr   .          Rampage  .   h - +0 pair of gloves
Will    .....                   (no boots)
Stlth   ..........              (no amulet)
HPRegen 0.08/turn               (no ring)
MPRegen 0.08/turn               (no ring)

@: spiked, slow
A: amphibious, slowness 1, strong legs 1, +LOS
a: Hop


You were on level 2 of the Dungeon.
You visited 1 branch of the dungeon, and saw 2 of its levels.

You collected 60 gold pieces.


Innate Abilities, Weirdness & Mutations

You are amphibious.
You cover ground slowly.
You can hop short distances.
You have an extended range of vision and can be seen from far away.


   Skills:
 - Level 3.6 Fighting
 + Level 4.3 Axes
 - Level 2.4 Armour
 - Level 1.1 Dodging


You had one spell level left.
You didn't know any spells.
Your spell library was empty.

Inventory:

Hand Weapons
 Y - a +0 hand axe of chaos (weapon)
Armour
 f - a +0 scale mail (worn)
 h - a +0 pair of gloves (worn)
Scrolls
 a - a scroll of identify
Potions
 d - a potion of curing {unknown}
 e - a potion of brilliance {unknown}
Miscellaneous
 c - a piece from Xom's chessboard (15/15)

Dungeon Overview and Level Annotations

Branches:
Dungeon (2/15)

Altars:


Message History

You hit something.
Reactivating autopickup.
You feel a bit more experienced.
You hear Xom's maniacal laughter.
You closely miss the giant cockroach.
You completely miss the giant cockroach.
The bat barely misses you.
The giant cockroach bites you but does no damage.
You hit the giant cockroach.
The giant cockroach is moderately wounded.
The bat hits you but does no damage. x2
The giant cockroach bites you but does no damage.
You hit the giant cockroach.
Space warps horribly around the giant cockroach!!
You kill the giant cockroach!
The giant cockroach's corpse disappears in a puff of smoke!
You hit the bat. Lightning courses through the bat!
You kill the bat!
The bat's corpse disappears in a puff of smoke!
You start resting.
An endoplasm comes into view.
739 ||| FLEEEEING.
740 ||| FLEEEEING.
741 ||| FLEEEEING.
742 ||| FLEEEEING. "Let's see if it's strong enough to survive yet."
You hit the red devil but do no damage. You closely miss the quasit.
You hit the iron imp.
The iron imp seems to grow stronger.
The quasit bites you but does no damage.
The quasit barely misses you. The quasit claws you.
The red devil hits you with a +0 trident.
Barbed spikes become lodged in your body.
You closely miss the iron imp.
The iron imp is moderately wounded.
You barely miss the red devil. You hit the quasit but do no damage.
The quasit seems to speed up.
The quasit bites you.
You feel clumsy. The quasit misses you. The quasit barely misses you.
The iron imp hits you.
You die...

## #.. #.#### .. ..
#.##.. ..###.#.
#.##.## .J.J...%#####
#.#...
............###.#..#
#.#.#........##.#..#
#.#.####..##.#..#####
##.# #45##...<....#
## #.@####..###.#
#5.......# ##.#####.#
#.#####.# #.......#
#########


You could see a red devil (summoned), an iron imp (summoned, strong) and a
quasit (summoned, fast).

Vanquished Creatures
  A worm (D:2)
  An endoplasm (D:1)
  2 giant cockroaches (D:1)
  3 kobolds (D:1)
  A quokka (D:1)
  A ball python (D:2)
  2 frilled lizards (D:1)
  A goblin (D:1)
  2 rats (D:1)
14 creatures vanquished.

Notes
Turn   | Place    | Note
-------+----------+-------------------------------------------
     0 | D:1      | qw the Barachi Chaos Knight began the quest for the Orb.
     0 | D:1      | Reached XP level 1. HP: 18/18 MP: 1/1
     0 | D:1      | 0 ||| qw: Version: 0.1-a-103-gd6f5d3a
     0 | D:1      | 0 ||| qw: Game counter: 5444
     0 | D:1      | 0 ||| qw: Always use a shield: true
     0 | D:1      | 0 ||| qw: God list: Okawaru
     0 | D:1      | 0 ||| qw: Allow faded altars: false
     0 | D:1      | 0 ||| qw: Do Orc after D:15 true
     0 | D:1      | 0 ||| qw: Do second Lair branch before Depths: true
     0 | D:1      | 0 ||| qw: Lair rune preference: random
     0 | D:1      | 0 ||| qw: Plans: Normal
     0 | D:1      | 0 ||| PLANNING D:1-11
     0 | D:1      | Fell from the grace of Xom
    19 | D:1      | 19 ||| Stepping ~*~*~tactically~*~*~ (stealth).
   378 | D:1      | Reached XP level 2. HP: 24/24 MP: 2/2
   422 | D:1      | Reached skill level 4 in Axes
   445 | D:1      | 445 ||| Stepping ~*~*~tactically~*~*~ (stealth).
   598 | D:1      | Found a faded altar of an unknown god.
   653 | D:1      | 653 ||| UPGRADING to +0 scale mail.
   663 | D:1      | 663 ||| DROPPING +2 leather armour.
   664 | D:1      | 664 ||| UPGRADING to +0 pair of gloves.
   669 | D:1      | 669 ||| READING 2 scrolls labelled VEIVAFE XOUFI.
   720 | D:2      | XOM: summons 2 hostile shadow creatures
   739 | D:2      | 739 ||| FLEEEEING.
   740 | D:2      | 740 ||| FLEEEEING.
   741 | D:2      | 741 ||| FLEEEEING.
   742 | D:2      | 742 ||| FLEEEEING.
   744 | D:2      | XOM: summons 3 hostile demons
   745 | D:2      | Noticed a red devil
   746 | D:2      | HP: 4/24 [red devil/+0 trident[Xom] (4)]
   747 | D:2      | HP: 1/24 [quasit[Xom] (3)]
   747 | D:2      | Slain by an iron imp

Levels and vault maps discovered:
D:1:      moated_graveyard_arrival, layout_basic, ebering_ecumenical_altar_mist
D:2:      layout_loops_ring, serial_forest, infiniplex_forest_lined_2,
          infiniplex_forest_clump_long, infiniplex_forest_end_2,
          infiniplex_forest_lined_1, nicolae_kite_square_tiling_tiny

Skill      XL: |  1  2 |
---------------+-------+-----
Axes           | 4 |  4.3
Fighting       | |  3.6
Armour         | |  2.4
Dodging        | |  1.1

Action                   || total
-------------------------++-------
Melee: Hand axe          ||    48
       Punch             ||     1
Invok: Renounce Religion ||     1
  Use: Scroll            ||     1
Armor: Leather armour    ||     8
       Scale mail        ||     5
Dodge: Dodged            ||    17

Table legend:
 A = Non-vault XP
 B = Vault XP
 C = Vault XP percentage of total XP
 D = Non-vault monster count
 E = Vault monster count
 F = Vault count percentage of total count
                 A         B        C        D         E       F
            +---------+---------+-------+---------+---------+-------
      Total |      26 |       0 |   0.0 |      15 |       0 |   0.0
            +---------+---------+-------+---------+---------+-------
        D:1 |      20 |       0 |   0.0 |      13 |       0 |   0.0
        D:2 |       6 |       0 |   0.0 |       2 |       0 |   0.0
            +---------+---------+-------+---------+---------+-------
